 Dungeon Crawl Stone Soup version 0.28.0 (webtiles) character file.

Game seed: 12121278911330422360

159 Minsecho the Chopper (level 5, 0/47 HPs)
             Began as a Hill Orc Monk on Feb 4, 2022.
             Was a Follower of Okawaru.
             Slain by Grinder (4 damage)
             ... on level 3 of the Dungeon.
             The game lasted 00:05:44 (3712 turns).

Minsecho the Chopper (Hill Orc Monk)                Turns: 3712, Time: 00:05:44

Health: 0/47       AC:  9    Str: 16    XL:     5   Next: 40%
Magic:  4/5        EV:  7    Int: 10    God:    Okawaru [*.....]
Gold:   90         SH:  0    Dex: 13    Spells: 4/4 levels left

rFire   . . .      SeeInvis .   a - +0 hand axe
rCold   . . .      Faith    .   (no shield)
rNeg    . . .      Spirit   .   j - +0 chain mail
rPois   .          Reflect  .   (no helmet)
rElec   .          Harm     .   d - +0 cloak
rCorr   .          Rampage  .   (no gloves)
Will    .....                   (no boots)
Stlth   ..........              (no amulet)
HPRegen 0.15/turn               (no ring)
MPRegen 0.09/turn               (no ring)

@: no status effects
A: no striking features
a: Renounce Religion, Heroism


You were on level 3 of the Dungeon.
You worshipped Okawaru.
Okawaru was aware of your devotion.
You visited 1 branch of the dungeon, and saw 3 of its levels.

You collected 90 gold pieces.

Inventory:

Hand Weapons
 a - a +0 hand axe (weapon)
Missiles
 f - 82 stones (quivered)
Armour
 b - a +0 robe
 d - a +0 cloak (worn)
 j - a +0 chain mail (worn)
Wands
 m - a wand of flame (11)
Scrolls
 c - 3 scrolls of identify {unknown}
 e - a scroll of summoning {unknown}
 g - a scroll of fog {unknown}
 i - 2 scrolls of amnesia {unknown}
 l - a scroll of vulnerability {unknown}
 n - a scroll of teleportation {unknown}
Potions
 h - a potion of heal wounds {unknown}
 k - a potion of might {unknown}


   Skills:
 + Level 4.8 Fighting
 + Level 6.2 Axes
 + Level 0.8 Armour
 + Level 2.9 Dodging
 - Level 1.6 Stealth


You had 4 spell levels left.
You didn't know any spells.
Your spell library contained the following spells:

 Spells                   Type           Power      Damage    Failure   Level
 Apportation              Tloc           0%         N/A       100%        1


Dungeon Overview and Level Annotations

Branches:
Dungeon (3/15)

Altars:
Okawaru

Annotations:
D:3 Grinder


Message History

Grinder hits you but does no damage.
You hit Grinder but do no damage.
Grinder is severely wounded.
Grinder blinks!
Grinder blinks!
You hit Grinder but do no damage.
Grinder is severely wounded.
You hit Grinder but do no damage.
Grinder is severely wounded.
Grinder barely misses you.
You slash Grinder!
Grinder is almost dead.
Grinder hits you but does no damage.
You hit Grinder.
Grinder is almost dead.
You feel like a meek peon again.
You closely miss Grinder.
Grinder is almost dead.
Grinder barely misses you.
You hit Grinder but do no damage.
Grinder is almost dead.
Grinder barely misses you.
You hit Grinder.
Grinder is almost dead.
Grinder gestures at you.
You suddenly lose the ability to move!
Grinder hits you but does no damage. Grinder gestures at you.
Pain shoots through your body!
* * * LOW HITPOINT WARNING * * *
Grinder gestures at you. Pain shoots through your body!
* * * LOW HITPOINT WARNING * * *
You can move again.
You barely miss Grinder.
Grinder is almost dead.
Grinder hits you.
* * * LOW HITPOINT WARNING * * *
You writhe in agony.
You die...

....# #.......#
#.......## ##........##
#..........###
#............## #####
#.............# .....
#.............#####..##
#....5@................
#......................
#....$.................
...############.........
## #.....###'#...
#.....# #.#.#. #######
###... #... #...


You could see Grinder.

Vanquished Creatures
  Natasha (thrice) (D:2)
  2 adders (D:2)
  3 worms
  A dart slug (D:2)
  An orc (D:2)
  4 bats
  8 endoplasms
  3 giant cockroaches
  2 goblins
  4 hobgoblins
  3 jackals (D:2)
  4 quokkas
  5 ball pythons
  4 frilled lizards
  3 kobolds (D:2)
  6 rats
56 creatures vanquished.

Vanquished Creatures (others)
  2 fungi (D:2)
  2 plants (D:2)
4 creatures vanquished.

Grand Total: 60 creatures vanquished

Notes
Turn   | Place    | Note
-------+----------+-------------------------------------------
     0 | D:1      | Minsecho the Hill Orc Monk began the quest for the Orb.
     0 | D:1      | Reached XP level 1. HP: 19/19 MP: 1/1
   453 | D:1      | Reached XP level 2. HP: 27/27 MP: 2/2
   992 | D:2      | Reached XP level 3. HP: 33/33 MP: 3/3
  1034 | D:2      | Reached skill level 5 in Axes
  1260 | D:2      | Found an iron altar of Okawaru.
  1276 | D:2      | Became a worshipper of Warmaster Okawaru
  1276 | D:2      | Reached * piety under Okawaru
  1276 | D:2      | Reached ** piety under Okawaru
  1367 | D:2      | Found a faded altar of an unknown god.
  1378 | D:2      | Got Plato's Volume of the Traveller
  1402 | D:2      | Reached XP level 4. HP: 38/40 MP: 4/4
  2237 | D:2      | Noticed Natasha
  2250 | D:2      | Killed Natasha
  2631 | D:2      | Noticed Natasha
  2649 | D:2      | Killed Natasha
  2650 | D:2      | Reached skill level 6 in Axes
  2650 | D:2      | Reached XP level 5. HP: 16/47 MP: 2/5
  3191 | D:2      | Noticed Natasha
  3202 | D:2      | Killed Natasha
  3689 | D:3      | Noticed Grinder
  3708 | D:3      | Paralysed by Grinder for 4 turns
  3712 | D:3      | Slain by Grinder

Illustrated notes

Levels and vault maps discovered:
D:1:      amcnicky_arrival_double_pillar, layout_basic
D:2:      layout_loops_corners, shapermc_ecumenical_altar_rom_forum,
          basic_altar, uniq_natasha
D:3:      layout_basic, fedhas_altar_fruit_tree, kennysheep_potato,
          uniq_grinder, uniq_ijyb

Skill      XL: |  1  2  3  4 |
---------------+-------------+-----
Fighting       | 4 |  4.8
Axes           | 5 6 |  6.2
Armour         | |  0.8
Dodging        | |  2.9
Stealth        | |  1.6

Action                   |  1- 3 |  4- 6 || total
-------------------------+-------+-------++-------
Melee: Hand axe          |   104 |   122 ||   226
       Punch             |     2 |     4 ||     6
Invok: Heroism           |       |     3 ||     3
 Stab: Sleeping          |     6 |     1 ||     7
Armor: Robe              |    35 |       ||    35
       Chain mail        |       |    36 ||    36
Dodge: Dodged            |    75 |    30 ||   105
